 Dungeon Crawl Stone Soup version 0.24.0-123-gd5b16e6ec5 (webtiles) character file.

Game seed: 13714718849542254344, levelgen mode: deterministic

854 leetStiK the Covert (level 8, 0/49 HPs)
             Began as a Halfling Assassin on Jan 4, 2020.
             Was an Initiate of Dithmenos.
             Shot with an arrow by a centaur (11 damage)
             ... on level 5 of the Dungeon on Jan 5, 2020.
             The game lasted 03:17:02 (6833 turns).

leetStiK the Covert (Halfling Assassin)             Turns: 6833, Time: 03:17:02

Health: 0/49       AC:  5    Str: 12    XL:     8   Next: 21%
Magic:  8/8        EV: 13    Int:  9    God:    Dithmenos [......]
Gold:   377        SH:  5    Dex: 18    Spells: 7/7 levels left

rFire    . . .     SeeInvis +   g - +2 dagger (elec)
rCold    . . .     Gourm    .   B - +0 buckler
rNeg     . . .     Faith    .   b - +1 robe
rPois    .         Spirit   .   (no helmet)
rElec    .         Reflect  .   c - +0 cloak
rCorr    .         Harm     .   (no gloves)
MR       .....                  l - +0 pair of boots
Stlth    ++++......             (no amulet)
HPRegen  0.16/turn              (no ring)
MPRegen  0.11/turn              M - ring of see invisible

@: no status effects
A: small, mutation resistance 1
a: Renounce Religion


You were on level 5 of the Dungeon.
You worshipped Dithmenos.
Dithmenos was noncommittal.
You were not hungry.

You visited 2 branches of the dungeon, and saw 6 of its levels.

You collected 377 gold pieces.

Inventory:

Hand Weapons
 a - a +2 dagger
 g - a +2 dagger of electrocution (weapon)
 k - a +0 dagger
 C - a +0 whip of holy wrath
 E - a +0 trident
 H - a +1 flail of holy wrath
 I - a +0 giant spiked club
Missiles
 d - 2 poisoned darts (quivered)
 e - 2 curare-tipped darts
 j - 182 stones
 o - 55 arrows
 u - 11 boomerangs
 G - 45 sling bullets
 L - 22 bolts
Armour
 b - a +1 robe (worn)
 c - a +0 cloak (worn)
 l - a +0 pair of boots (worn)
 n - a +0 leather armour
 t - a +0 cloak
 z - a +0 ring mail
 A - a +0 robe
 B - a +0 buckler (worn)
Jewellery
 K - an uncursed ring of flight
 M - a ring of see invisible (right hand)
Scrolls
 m - a scroll of blinking {unknown}
 r - 2 scrolls of enchant armour
 v - a scroll of magic mapping {unknown}
 y - 2 scrolls of remove curse
 D - 2 scrolls of amnesia
 N - a scroll of teleportation {unknown}
Potions
 h - a potion of mutation {unknown}
 p - a potion of agility
 q - a potion of haste {unknown}
 s - a potion of brilliance {unknown}
Comestibles
 f - 4 rations


   Skills:
 - Level 1.7 Fighting
 + Level 6.4 Short Blades
 - Level 2.0 Throwing
 - Level 0.2 Armour
 - Level 1.1 Dodging
 * Level 9.6 Stealth


You had 7 spell levels left.
You didn't know any spells.
Your spell library was empty.

Dungeon Overview and Level Annotations

Branches:
Dungeon (5/15)             Temple (1/1) D:4

Altars:
Ashenzari
Cheibriados
Dithmenos
Fedhas
Hepliaklqana
Kikubaaqudgha
Makhleb
Nemelex Xobeh
Ru
Vehumet
Wu Jian
Xom
Yredelemnul
Zin
The Shining One


Innate Abilities, Weirdness & Mutations

You are small and have problems with some larger weapons.
You are somewhat resistant to further mutation.


Message History

The centaur is moderately wounded.
The centaur hits you.
You hit the centaur.
The centaur is heavily wounded.
The centaur misses you.
You hit the centaur but do no damage.
The centaur is severely wounded.
The centaur hits you.
You hit the centaur.
The centaur is severely wounded.
The centaur hits you!
* * * LOW HITPOINT WARNING * * *
The centaur looks more healthy.
The centaur wields a +0 shortbow.
The centaur shoots an arrow.
The arrow hits you.
* * * LOW HITPOINT WARNING * * *
There is an open door, spattered with blood here.
Things that are here:
2 arrows; a hound corpse The centaur shoots an arrow.
The arrow hits you!
You die...

.( . #.
#.###.##########
.<....#..(......
##.........%..#
.......c........
.....(.(......#.
......#(#######
..###.#@......# .
#.#<#####.#
#.#.### #
..###.#...###.#.#
>......(.........
..###.#.#..#..###
#.#....# .# #
#(#..# # #.#..#


You could see a centaur.

Vanquished Creatures
  An ogre (D:3)
  A phantom (D:4)
  3 sky beasts
  2 hounds
  An iguana (D:3)
  An orc wizard (D:3)
  A centaur skeleton (D:4)
  2 worker ants
  7 gnolls
  6 adders
  2 oozes (D:2)
  An adder skeleton (D:4)
  7 worms
  4 dart slugs
  3 leopard geckos (D:3)
  15 orcs
  4 giant cockroaches
  6 goblins
  6 hobgoblins
  10 jackals
  5 kobolds
  A ball python (D:3)
  6 bats
  6 frilled lizards
  A leopard gecko skeleton (D:4)
  5 rats
  2 withered plants (D:3)
109 creatures vanquished.

Notes
Turn   | Place    | Note
-------+----------+-------------------------------------------
     0 | D:1      | leetStiK the Halfling Assassin began the quest for the Orb.
     0 | D:1      | Reached XP level 1. HP: 14/14 MP: 1/1
    48 | D:1      | Found a snail-covered altar of Cheibriados.
   127 | D:1      | Reached XP level 2. HP: 19/19 MP: 2/2
   428 | D:1      | Reached skill level 5 in Stealth
   544 | D:1      | Reached XP level 3. HP: 24/24 MP: 3/3
   811 | D:2      | Found a shimmering altar of Xom.
   821 | D:2      | Found a burning altar of Makhleb.
  1016 | D:2      | Reached XP level 4. HP: 26/29 MP: 4/4
  1171 | D:2      | Reached skill level 6 in Stealth
  1997 | D:2      | Reached XP level 5. HP: 22/34 MP: 5/5
  3302 | D:3      | Reached skill level 7 in Stealth
  3302 | D:3      | Reached XP level 6. HP: 39/39 MP: 6/6
  4078 | D:3      | Found a basalt altar of Yredelemnul.
  4374 | D:4      | Noticed an ogre
  4415 | D:3      | Reached skill level 5 in Short Blades
  4655 | D:3      | Killed an ogre
  4655 | D:3      | Reached skill level 8 in Stealth
  4655 | D:3      | Reached XP level 7. HP: 31/44 MP: 7/7
  5678 | D:4      | Found a staircase to the Ecumenical Temple.
  5933 | D:4      | Found a shadowy altar of Dithmenos.
  5973 | D:4      | Became a worshipper of Dithmenos the Shadowed
  6061 | Temple   | Entered the Ecumenical Temple
  6488 | D:4      | Reached skill level 9 in Stealth
  6591 | D:5      | Entered Level 5 of the Dungeon
  6621 | D:5      | Reached XP level 8. HP: 47/49 MP: 8/8
  6833 | D:5      | Shot with an arrow by a centaur

Levels and vault maps discovered:
D:1:      lightli_arrival_statue_moat, layout_loops_ring, cheibriados_altar_1
D:2:      layout_basic, nicolae_overflow_hidden_temple
D:3:      layout_basic, yredelemnul_altar_generic
D:4:      layout_basic, old_standard_altar, minmay_temple_entry_steel_oval,
          hangedman_decor_opposing
D:5:      layout_basic, nicolae_overflow_crystal_walls, first_ration,
          uniq_sigmund
Temple:   minmay_temple_curvy_loop

Skill      XL: |  1  2  3  4  5  6  7 |
---------------+----------------------+-----
Stealth        | 5 6 7 8 9 |  9.6
Short Blades   | 3 4 5 6 |  6.4
Fighting       | |  1.7
Throwing       | |  2.0
Armour         | |  0.2
Dodging        | |  1.1

Action                   |  1- 3 |  4- 6 |  7- 9 || total
-------------------------+-------+-------+-------++-------
Melee: Dagger            |    53 |   180 |   116 ||   349
Throw: Dart              |     1 |    18 |    15 ||    34
  Use: Scroll            |       |       |     9 ||     9
       Potion            |       |       |     5 ||     5
 Stab: Sleeping          |    10 |    10 |     2 ||    22
  Eat: Ration            |       |     3 |     2 ||     5
       Chunk             |       |     2 |       ||     2
Armor: Robe              |     4 |    14 |    20 ||    38
       Leather armour    |     5 |       |       ||     5
Dodge: Dodged            |    28 |   105 |    49 ||   182
Block: Buckler           |       |       |    11 ||    11
